 Dungeon Crawl Stone Soup version 0.29.1-1-gd02db6906a (webtiles) character file.

Game seed: 14975785285909809885

325 MushR00m the Sneak (level 6, -4/39 (43) HPs)
             Began as a Vampire Enchanter on Sept 22, 2022.
             Slain by an ice beast (10 damage)
             ... on level 5 of the Dungeon on Sept 27, 2022.
             The game lasted 00:42:00 (2580 turns).

MushR00m the Sneak (Vampire Enchanter)              Turns: 2580, Time: 00:42:00

HP:   -4/39 (43)    AC:  7    Str: 12    XL:     6   Next: 24%
MP:   9/9           EV: 11    Int: 17    God:
Gold: 180           SH:  0    Dex: 15    Spells: 6/9 levels left

rFire   . . .      SeeInvis +   a - +1 dagger
rCold   . . .      Faith    .   (no shield)
rNeg    . . .      Spirit   .   u - +1 ring mail "Peschose" {Str+3}
rPois   .          Reflect  .   (no helmet)
rElec   .          Harm     .   (no cloak)
rCorr   .          Rampage  .   e - +0 pair of gloves
Will    .....                   (no boots)
Stlth   +++.......              (no amulet)
HPRegen 0.33/turn               (no ring)
MPRegen 0.11/turn               (no ring)

@: healing quickly, drained, invisible
A: alive, fangs 3, see invisible, vampiric 2
a: Exsanguinate


You were on level 5 of the Dungeon.
You visited 1 branch of the dungeon, and saw 5 of its levels.

You collected 180 gold pieces.

Inventory:

Hand Weapons
 a - a +1 dagger (weapon)
 f - a +0 falchion
 g - a +0 sling
 i - a +0 spear
 k - a +0 hand axe
 m - a +0 dagger
 n - a +0 hand axe
 v - a +0 mace
 z - a +0 club
Missiles
 o - 22 stones (quivered)
Armour
 b - a +0 robe
 e - a +0 pair of gloves (worn)
 h - a +0 ring mail
 l - a +0 ring mail
 p - a +0 leather armour
 u - the +1 ring mail "Peschose" (worn) {Str+3}
   (You found it on level 3 of the Dungeon)

   Str:       It affects your strength (+3).
 y - a +0 ring mail
 A - a +0 pair of gloves
Wands
 t - a wand of flame (18)
Scrolls
 d - 3 scrolls of identify
 j - 3 scrolls of enchant weapon
Potions
 c - 2 potions of invisibility
 q - a potion of haste
 s - a potion of brilliance {unknown}
 w - a potion of mutation {unknown}
 x - a potion of cancellation {unknown}


   Skills:
 + Level 1.1 Fighting
 + Level 2.9 Short Blades
 + Level 0.2 Ranged Weapons
 + Level 0.1 Throwing
 + Level 0.7 Armour
 + Level 3.6 Dodging
 + Level 6.6 Stealth
 + Level 2.0 Spellcasting
 + Level 5.9 Hexes
 + Level 1.1 Evocations


You had 6 spell levels left.
You knew the following spells:

 Your Spells              Type           Power      Damage    Failure   Level
a - Tukima's Dance        Hex            21%        N/A       12%         3

Your spell library contained the following spells:

 Spells                   Type           Power      Damage    Failure   Level
 Confusing Touch          Hex            21%        N/A       12%         3
 Ensorcelled Hibernation  Hex/Ice        22%        N/A       21%         2
 Dazzling Flash           Conj/Hex       22%        N/A       36%         3
 Lesser Beckoning         Tloc           1%         N/A       78%         3
 Teleport Other           Tloc           1%         N/A       78%         3
 Disjunction              Tloc           0%         N/A       100%        8


Dungeon Overview and Level Annotations

Branches:
Dungeon (5/15)             Temple (0/1) D:5

Altars:
Makhleb
Ru

Annotations:
D:3 2 runed translucent doors, Plasmagod's ghost, amateur VSFi


Innate Abilities, Weirdness & Mutations

Your natural rate of healing is accelerated.
You have razor-sharp teeth.
You have supernaturally acute eyesight. (SInv)
You are afflicted with vampirism and can become a bat while bloodless.


Message History

The necrophage closely misses you.
You hit the necrophage but do no damage.
You bite the necrophage.
The necrophage is heavily damaged.
The necrophage hits you but does no damage.
The necrophage attacks as you move away!
The necrophage hits you.
You feel drained.
Found a runed robe.
The necrophage attacks as you move away!
The necrophage hits you but does no damage.
Found a mace.
Welcome back, MushR00m the Vampire Enchanter.
Press ? for a list of commands and other information.
The necrophage attacks as you move away!
The necrophage hits you.
You feel drained.
Found a scroll labelled LAYMUSURYH.
Found a scroll labelled LAYMUSURYH.
Found a stone staircase leading down.
Found a sling.
The necrophage attacks as you move away!
The necrophage closely misses you.
An ogre comes into view. It is wielding a +0 giant club.
The ogre shouts!
You hear an angry hiss.
A bullfrog comes into view.
Found a scroll of enchant weapon.
A water moccasin comes into view.
Found a dagger.
The ice beast barely misses you.
The necrophage attacks as you move away!
The necrophage misses you. The ice beast attacks as you move away!
The ice beast hits you. The ice beast freezes you!
* * * LOW HITPOINT WARNING * * *
The ice beast attacks as you move away!
The ice beast hits you but does no damage.
The necrophage attacks as you move away!
The necrophage closely misses you.
The necrophage attacks as you move away!
The necrophage hits you but does no damage.
You fade into invisibility!
The necrophage barely misses you. The ice beast hits you.
* * * LOW HITPOINT WARNING * * *
The ice beast freezes you!
You die...

....?..................
.............?..........
........................
........................
........................
.......O................
........................
.......Sn...............
.......@Y..............#
............[.........##
........?...........$..#
...........)............
.....................[.#
........................
........................
...............:........
.............


You could see a water moccasin (unable to see you), an ice beast (unable to see
you), an ogre (unable to see you) and a necrophage (unable to see you).

Vanquished Creatures
  2 phantoms (D:3)
  A hound (D:4)
  An iguana (D:3)
  2 gnolls
  5 adders
  A dart slug (D:1)
  6 orcs
  3 bats
  3 endoplasms
  2 giant cockroaches
  7 goblins
  3 hobgoblins
  4 jackals (D:4)
  2 kobolds
  A quokka (D:3)
  3 ball pythons
  3 frilled lizards
  2 rats
51 creatures vanquished.

Vanquished Creatures (others)
  A plant (D:4)
1 creature vanquished.

Grand Total: 52 creatures vanquished

Notes
Turn   | Place    | Note
-------+----------+-------------------------------------------
     0 | D:1      | MushR00m the Vampire Enchanter began the quest for the Orb.
     0 | D:1      | Reached XP level 1. HP: 13/13 MP: 3/3
    78 | D:1      | Reached skill level 5 in Hexes
   154 | D:1      | Reached XP level 2. HP: 19/19 MP: 5/5
   183 | D:1      | Got Sif Muna's Omnibus of Direction
   523 | D:2      | Found a burning altar of Makhleb.
   777 | D:2      | Gained mutation: You are afflicted with vampirism and can
                  | become a bat while bloodless. [Vampire growth]
   777 | D:2      | Reached XP level 3. HP: 24/24 MP: 6/6
  1055 | D:3      | Noticed a phantom
  1107 | D:3      | Killed a phantom
  1108 | D:3      | Reached skill level 5 in Stealth
  1108 | D:3      | Reached XP level 4. HP: 9/31 MP: 7/7
  1286 | D:3      | Identified the +1 ring mail "Peschose" {Str+3}
  1385 | D:3      | Noticed a phantom
  1396 | D:3      | Killed a phantom
  1397 | D:3      | Reached skill level 1 in Fighting
  1397 | D:3      | Reached skill level 6 in Stealth
  1397 | D:3      | Reached XP level 5. HP: 37/37 MP: 8/8
  1935 | D:3      | Found a faded altar of an unknown god.
  2009 | D:3      | Found a large runed translucent door.
  2009 | D:3      | Found a large runed translucent door.
  2014 | D:3      | Noticed Plasmagod's ghost (amateur VSFi)
  2181 | D:4      | Learned a level 3 spell: Tukima's Dance
  2214 | D:4      | Found a sacrificial altar of Ru.
  2259 | D:4      | Reached XP level 6. HP: 33/43 MP: 9/9
  2506 | D:5      | Entered Level 5 of the Dungeon
  2517 | D:5      | Reached skill level 1 in Evocations
  2543 | D:5      | Found a staircase to the Ecumenical Temple.
  2554 | D:5      | Noticed an ice beast
  2575 | D:5      | Noticed a water moccasin
  2580 | D:5      | Slain by an ice beast

Illustrated notes

Levels and vault maps discovered:
D:1:      saegor_arrival_simple_b, layout_rooms
D:2:      layout_rooms, basic_altar
D:3:      layout_basic, hellmonk_ecumenical_altar_leap_of_faith,
          ebering_ghost_disaster_area
D:4:      layout_gridville, kennysheep_little_box, serial_shops,
          nicolae_shop_hallway_plus, kennysheep_boxes
D:5:      layout_basic, nicolae_overflow_hidden_temple,
          minmay_temple_entry_wispy, minivault_19, serial_park_tiny_pond,
          guppyfry_early_lair_pool

Skill      XL: |  1  2  3  4  5  6 |
---------------+-------------------+-----
Hexes          | 5 |  5.9
Short Blades   | 2 |  2.9
Dodging        | 3 |  3.6
Stealth        | 5 6 |  6.6
Fighting       | 1 |  1.1
Evocations     | 1 |  1.1
Ranged Weapons | |  0.2
Throwing       | |  0.1
Armour         | |  0.7
Spellcasting   | |  2.0

Action                   |  1- 3 |  4- 6 || total
-------------------------+-------+-------++-------
Melee: Dagger            |    87 |   147 ||   234
       Bite              |     7 |    15 ||    22
       Punch             |     1 |     1 ||     2
       Sling             |     2 |       ||     2
 Fire: Sling             |     1 |     2 ||     3
Throw: Stone             |     2 |     2 ||     4
Evoke: Wand              |     2 |    13 ||    15
  Use: Scroll            |     1 |     1 ||     2
       Potion            |       |     1 ||     1
 Stab: Sleeping          |     5 |     4 ||     9
       Invisible         |       |     1 ||     1
Armor: Robe              |    21 |       ||    21
       Ring mail         |       |    71 ||    71
Dodge: Dodged            |    91 |   107 ||   198
